 Dungeon Crawl Stone Soup version 0.31.0-32-g396128a36d (webtiles) character file.

Game seed: 4527806253968070956

69 jagang the Slasher (level 4, -1/35 HPs)
             Began as a Human Monk on Mar 13, 2024.
             Slain by an orc
             ... wielding a +0 club
              (3 damage)
             ... on level 3 of the Dungeon.
             The game lasted 00:03:49 (1243 turns).

jagang the Slasher (Human Monk)                     Turns: 1243, Time: 00:03:50

Health: -1/35      AC:  8    Str: 17    XL:     4   Next: 20%
Magic:  4/4        EV:  8    Int: 10    God:
Gold:   132        SH:  0    Dex: 18    Spells: 3/3 levels left

rFire   . . .        i - +1 short sword (freeze)
rCold   + . .        d - orb {light}
rNeg    . . .        f - +0 chain mail
rPois   .            (no helmet)
rElec   .            (no cloak)
rCorr   .            (no gloves)
SInv    .            (no boots)
Will    .....        (no amulet) Stlth
                     g - +6 ring of strength
HPRegen 0.25/turn    p - ring of protection from cold
MPRegen 0.09/turn

%: no passive effects
@: confused, ambrosia-drunk, glowing
A: explore regen
a: no special abilities


You were on level 3 of the Dungeon.
You visited 1 branch of the dungeon, and saw 3 of its levels.

You collected 132 gold pieces.

Inventory:

Hand Weapons
 a - a +0 falchion
 i - a +1 short sword of freezing (weapon)
Missiles
 o - 5 atropa-tipped darts (quivered)
 q - 2 boomerangs
Armour
 b - a +0 robe
 d - an orb of light (worn)
 f - a +0 chain mail (worn)
Jewellery
 g - a +6 ring of strength (left hand)
 p - a ring of protection from cold (right hand)
Scrolls
 j - a scroll of identify {unknown}
 k - a scroll of amnesia {unknown}
 l - a scroll of blinking {unknown}
 n - 4 scrolls of teleportation {unknown}
 r - a scroll of enchant weapon {unknown}
Potions
 e - a potion of degeneration {unknown}
 h - a potion of enlightenment {unknown}
 m - a potion of haste {unknown}


   Skills:
 - Level 3.0 Fighting
 * Level 4.9 Long Blades
 - Level 3.0 Dodging


You had 3 spell levels left.
You didn't know any spells.
Your spell library was empty.

Dungeon Overview and Level Annotations

Branches:
Dungeon (3/15)

Altars:
Dithmenos

Shops:
D:1 [


Innate Abilities, Weirdness & Mutations

You regain HP and MP as you explore.


Message History

You kill the hobgoblin!
The orc hits you with a +0 war axe.
The goblin shoots a sling bullet.
The sling bullet barely misses you.
You hit the orc but do no damage. The orc hits you but does no damage.
The goblin shoots a sling bullet.
The sling bullet hits you. The orc hits you with a +0 club.
You hit the orc.
The orc is heavily wounded.
You hit the orc but do no damage.
The orc is heavily wounded.
The orc barely misses you. The orc hits you with a +0 club.
The goblin shoots a sling bullet.
The sling bullet barely misses you.
You hit the orc but do no damage.
The orc is heavily wounded.
The orc hits you with a +0 war axe!
* * * LOW HITPOINT WARNING * * *
The goblin shoots a sling bullet.
The sling bullet hits you.
* * * LOW HITPOINT WARNING * * *
The orc hits you with a +0 club.
* * * LOW HITPOINT WARNING * * *
A bat comes into view.
You are confused.
You feel invigorated. The orc hits you with a +0 war axe.
* * * LOW HITPOINT WARNING * * *
The goblin shoots a sling bullet.
The sling bullet hits you.
* * * LOW HITPOINT WARNING * * *
The orc hits you with a +0 club.
* * * LOW HITPOINT WARNING * * *
You barely miss the orc.
The orc is heavily wounded.
The orc hits you but does no damage. The orc barely misses you.
The orc hits you but does no damage.
You closely miss the orc. The orc hits you with a +0 war axe.
* * * LOW HITPOINT WARNING * * *
The orc hits you but does no damage. The orc barely misses you.
Unknown command.
You hit the orc but do no damage. The orc hits you with a +0 war axe.
* * * LOW HITPOINT WARNING * * *
The orc hits you with a +0 club.
You die...

## .# ##.#
#.. ###.#
.######..g##
.........o.#
.........#@#
.........oo#
.........###
...!....†#
.........#
.........#
.........#
.........#
.........#


You could see 3 orcs and a goblin.

Vanquished Creatures
  An adder (D:2)
  An orc (D:2)
  7 endoplasms
  9 goblins
  10 hobgoblins
  3 quokkas
  2 ball pythons (D:2)
  7 bats
  4 frilled lizards (D:2)
  4 kobolds
  7 rats
55 creatures vanquished.

Notes
Turn   | Place    | Note
-------+----------+-------------------------------------------
     0 | D:1      | jagang the Human Monk began the quest for the Orb.
     0 | D:1      | Reached XP level 1. HP: 18/18 MP: 1/1
   181 | D:1      | Reached XP level 2. HP: 24/24 MP: 2/2
   315 | D:1      | Found a faded altar of an unknown god.
   437 | D:1      | Reached skill level 4 in Long Blades
   455 | D:1      | Reached XP level 3. HP: 28/29 MP: 3/3
   627 | D:1      | Found Mycwojiw's Antique Armour Shop.
   910 | D:2      | Found a shadowy altar of Dithmenos.
  1010 | D:2      | Reached XP level 4. HP: 25/35 MP: 4/4
  1239 | D:3      | HP: 1/35 [orc/+0 club (2)]
  1243 | D:3      | Slain by an orc

Illustrated notes

Levels and vault maps discovered:
D:1:      eino_arrival_water_cross, layout_basic, serial_shops,
          nicolae_shop_waterfront, ebering_ecumenical_altar_ruins, st_stairs_1,
          serial_bayou_lagoon_b
D:2:      layout_rooms, basic_altar
D:3:      layout_basic, bloody_makhleb, gammafunk_ghost_abyssal_escape,
          minivault_14

Skill      XL: |  1  2 |
---------------+-------+-----
Long Blades    | 4 |  4.9
Fighting       | |  3.0
Dodging        | |  3.0

Action                     |  1- 3 |  4- 6 || total
---------------------------+-------+-------++-------
  Melee: Falchion          |    59 |       ||    59
         Short sword       |    47 |    23 ||    70
    Use: Potion            |       |     1 ||     1
 Armour: Robe              |    17 |       ||    17
         Chain mail        |    82 |    28 ||   110
  Dodge: Dodged            |    47 |     9 ||    56
